[Event "Late-Titled-Tuesday-Blitz-October-03-2023"]
[Site "Chess.com"]
[Date "2023.10.03"]
[Round "6"]
[White "elmusmolamas"]
[Black "djano"]
[Result "1/2-1/2"]
[WhiteElo "2539"]
[BlackElo "2679"]
[TimeControl "180+1"]
[EndTime "15:04:17 PDT"]
[Termination "Game drawn by repetition"]

1. e4 c5 2. Nc3 Nc6 3. Nge2 Nd4 4. d3 g6 5. Be3 Bg7 6. Qd2 e6 7. h4 h6 8. Nd1 d5 9. c3 Nxe2 10. Qxe2 d4 11. Bd2 Ne7 12. g3 Nc6 13. c4 O-O 14. Bg2 e5 15. O-O f5 16. exf5 Bxf5 17. Bd5+ Kh7 18. f4 exf4 19. Bxf4 Qd7 20. Nf2 Rae8 21.
Be4 Ne5 22. Qd2 Bxe4 23. Nxe4 Nxc4 24. Qc1 Ne3 25. Qxc5 Nxf1 26. Rxf1 b6 27. Qc1 Qg4 28. Qd2 Be5 29. Bxe5 Rxf1+ 30. Kxf1 Qf3+ 31. Kg1 Rxe5 32. Qc2 Re7 33. Kh2 Rf7 34. Qd2 Qe3 35. Qc2 a5 36. a4 Kg7 37. b3 Qe1 38. Qc4 Qe2+ 39. Kh3 Qf1+ 40. Kh2 Qe2+ 41. Kh3 Qe3 42. Qb5 h5 43.
Qe5+ Kf8 44. Qd6+ Kg7 45. Qe5+ Kf8 46. Qd6+ Kg7 47. Qe5+ 1/2-1/2

[Event "Late-Titled-Tuesday-Blitz-October-03-2023"]
[Site "Chess.com"]
[Date "2023.10.03"]
[Round "6"]
[White "andjela_djidjika"]
[Black "copanchess"]
[Result "0-1"]
[WhiteElo "1972"]
[BlackElo "2169"]
[TimeControl "180+1"]
[EndTime "15:04:17 PDT"]
[Termination "copanchess won on time"]

1. e4 e5 2. Bc4 Nf6 3. d3 c6 4. Nf3 d5 5. Bb3 Bd6 6. exd5 cxd5 7. Bg5 O-O 8. O-O e4 9. Nd4 Nc6 10. Nxc6 bxc6 11. h3 exd3 12. Qxd3 a5 13. Re1 h6 14.
Bxf6 Qxf6 15. Nc3 Bb4 16. a4 Bf5 17. Qf3 Rfe8 18. Rxe8+ Rxe8 19. Rd1 Bxc3 20. bxc3 Qg6 21. Rd2 Re1+ 22. Kh2 Be4 23. Qg3 Qxg3+ 24. fxg3 f5 25. c4 dxc4 26. Bxc4+ Kf8 27. Bb3 Ke7 28. Rf2 g6 29. g4 Kd6 30. gxf5 gxf5 31. Kg3 Ke5 32. h4 Re3+ 33. Kh2 Rc3 34. g3 Re3 35. Bc4 Re1 36. Bf1 c5 37. c3 c4 38. Bh3 Rc1 39. Bf1 Rxc3 0-1

[Event "Late-Titled-Tuesday-Blitz-October-03-2023"]
[Site "Chess.com"]
[Date "2023.10.03"]
[Round "6"]
[White "C_K_G"]
[Black "K_alena13"]
[Result "0-1"]
[WhiteElo "1899"]
[BlackElo "2116"]
[TimeControl "180+1"]
[EndTime "15:04:17 PDT"]
[Termination "K_alena13 won on time"]

1. e4 e5 2. Nf3 Nc6 3. Bc4 Nf6 4.
Ng5 d5 5. exd5 Na5 6. Bb5+ c6 7. dxc6 bxc6 8. Qf3 Bb7 9. Ba4 Qd4 10. Nc3 h6 11. Nge4 Nxe4 12. Qxe4 Qxe4+ 13. Nxe4 O-O-O 14. d3 f5 15.
Ng3 c5 16. Nxf5 Bxg2 17. Rg1 Bb7 18. Nxg7 Rg8 19. Bxh6 Rd6 20. Bd2 Nc6 21. O-O-O Rxg7 22. Rxg7 Bxg7 23. Rg1 Bf6 24. Rg8+ Kc7 25. Rf8 Bg7 26.
Rf7+ Rd7 27. Rf5 Re7 28. h4 Nd4 29. Rh5 Kd6 30. Be3 Rf7 31. c3 Ne2+ 32. Kd2 Nf4 33. Rh7 Ne6 34. Bb3 Re7 35. h5 Bf6 36. Rh6 Rf7 37. Rg6 Bd5 0-1

[Event "Late-Titled-Tuesday-Blitz-October-03-2023"]
[Site "Chess.com"]
[Date "2023.10.03"]
[Round "6"]
[White "Mykola-Bortnyk"]
[Black "Beca95"]
[Result "0-1"]
[WhiteElo "2946"]
[BlackElo "3011"]
[TimeControl "180+1"]
[EndTime "15:04:18 PDT"]
[Termination "Beca95 won by resignation"]

1. e4 e5 2. Nf3 Nf6 3. Nxe5 d6 4. Nxf7 Kxf7 5. d4 c5 6. Nc3 cxd4 7. Bc4+ Be6 8.
Bxe6+ Kxe6 9. Qxd4 Nc6 10. Qc4+ Kd7 11. Bf4 Qe8 12. O-O-O Qe6 13. Qb5 Kc8 14. Rhe1 Be7 15. Nd5 Rd8 16. f3 Qf7 17. Bg3 Rd7 18. Rd3 Nxd5 19. exd5 a6 20. Qc4 Kb8 21. Rc3 Na7 22.
a4 Bf6 23. Re8+ Bd8 24. Rh8 b5 25. Qd4 Kb7 26. Bf2 Qf6 27. Qe3 Ba5 28. Rxa8 Kxa8 29. Rd3 Re7 30. Qd4 Qxd4 31. Rxd4 Bb6 32. Bh4 Bxd4 33.
Bxe7 Nc8 34. Bf8 bxa4 35. c3 Be5 36. g3 g5 37. Bh6 Bf6 38. Kc2 Nb6 39. Bf8 Nxd5 40.
Bxd6 Kb7 41. Kd3 Kc6 42. Bf8 Nb6 43. h3 Kd5 44. Kc2 Nc4 45. Bh6 Ne3+ 46. Kd3 Nf5 47. c4+ Ke6 48. Bf8 Nxg3 49. Ba3 Be5 50. c5 Kd5 51. c6 Kxc6 0-1

[Event "Late-Titled-Tuesday-Blitz-October-03-2023"]
[Site "Chess.com"]
[Date "2023.10.03"]
[Round "6"]
[White "Metadast"]
[Black "Korchmar_Vasiliy"]
[Result "0-1"]
[WhiteElo "2536"]
[BlackElo "2710"]
[TimeControl "180+1"]
[EndTime "15:04:18 PDT"]
[Termination "Korchmar_Vasiliy won on time"]

1. e4 c5 2. a3 Nc6 3. b4 e5 4. Bb2 Nf6 5. Nf3 Nxe4 6. Nxe5 Nxe5 7. Qe2 d5 8. Bxe5 Be7 9. Bxg7 Rg8 10. Bb2 cxb4 11.
axb4 Bd7 12. Nc3 Nf6 13. Nb5 Kf8 14. c3 Qb6 15. Qe3 Qd8 16. Rxa7 Rxa7 17. Qxa7 Bxb5 18. Bxb5 Rxg2 19. Kf1 Rg6 20. Bd3 Ne4 21. Qxb7 Nxd2+ 22. Ke2 Ne4 23. Bxe4 dxe4 24. Rd1 Bd6 25. c4 Qe8 26. c5 Be5 27. Bxe5 Qxe5 28. Qa8+ Kg7 29. Qa1 Re6 30. Qxe5+ Rxe5 31. Rc1 Kf6 32. b5 Ke7 33. b6 Kd8 34. b7 Kc7 35. c6 Rb5 36. Rb1 Rxb1 0-1

[Event "Late-Titled-Tuesday-Blitz-October-03-2023"]
[Site "Chess.com"]
[Date "2023.10.03"]
[Round "6"]
[White "vladislavkovalev"]
[Black "GGuseinov"]
[Result "1/2-1/2"]
[WhiteElo "2878"]
[BlackElo "2879"]
[TimeControl "180+1"]
[EndTime "15:04:20 PDT"]
[Termination "Game drawn by repetition"]

1. e4 c5 2. Nf3 g6 3. d4 cxd4 4. Nxd4 Nc6 5. Nc3 Bg7 6. Be3 Nf6 7. Bc4 O-O 8. Bb3 d6 9. h3 Na5 10. O-O b6 11. Re1 Nxb3 12. axb3 Bb7 13. Bg5 a6 14. Qd2 Re8 15. Nf3 Rc8 16. Ra2 Qc7 17. Re2 b5 18.
Nd5 Nxd5 19. exd5 Qc5 20. Bxe7 Qc7 21. Qe1 Bxd5 22. Rxa6 Bxf3 23. gxf3 Qb7 24. Rxd6 Qxf3 25. Rd3 Qh5 26. c3 b4 27. c4 h6 28. Rde3 Bd4 29. Re4 Bg7 30. Kg2 Bf8 31. Bxf8 Rxf8 32. Qxb4 Qg5+ 33. Rg4 Qf5 34. Qc3 h5 35. Rg3 Rfd8 36. Qf3 Qb1 37. Re7 Rf8 38. Qxh5 Rcd8 39. Qe5 Rd1 40.
Kf3 Rd3+ 41. Kg2 Rd1 42. Kf3 Rd3+ 43. Kg2 Rd1 1/2-1/2

[Event "Late-Titled-Tuesday-Blitz-October-03-2023"]
[Site "Chess.com"]
[Date "2023.10.03"]
[Round "6"]
[White "TanitoluwaAps116"]
[Black "rookoco"]
[Result "0-1"]
[WhiteElo "2655"]
[BlackElo "2761"]
[TimeControl "180+1"]
[EndTime "15:04:20 PDT"]
[Termination "rookoco won on time"]

1. e4 c5 2. Nf3 d6 3. Bb5+ Nd7 4. c3 Nf6 5. Bd3 g6 6. O-O Bg7 7. Qe2 O-O 8. Bc2 e5 9. d4 exd4 10. cxd4 Re8 11. Nc3 cxd4 12. Nxd4 d5 13. Rd1 a6 14. Bg5 Qb6 15. Nb3 dxe4 16. Be3 Qc7 17. Rac1 Qe5 18. h3 b6 19. Na4 Bb7 20. Nxb6 Nxb6 21. Bxb6 Nd5 22.
Bd4 Qg5 23. Qg4 Qxg4 24. hxg4 Nf4 25. Bxg7 Ne2+ 26. Kf1 Nxc1 27. Bf6 Nxa2 28. Na5 Nb4 29. Bb3 Bc8 30. Rd4 Rb8 31. Ba4 Be6 32. Bxe8 Nd5 33.
Bxf7+ Kxf7 34. Be5 Rxb2 35. Nc4 Rb1+ 36. Ke2 Bxg4+ 37.
f3 exf3+ 38. gxf3 Be6 39. Nd6+ Ke7 40. Rh4 h5 41. f4 Bg4+ 42. Kd3 Rd1+ 43. Kc4 Ke6 44.
Rh2 Ne3+ 45. Kc3 Nf5 46. Ne4 Re1 0-1

[Event "Late-Titled-Tuesday-Blitz-October-03-2023"]
[Site "Chess.com"]
[Date "2023.10.03"]
[Round "6"]
[White "AyMitecK"]
[Black "ameetghasi100"]
[Result "0-1"]
[WhiteElo "2541"]
[BlackElo "2719"]
[TimeControl "180+1"]
[EndTime "15:04:21 PDT"]
[Termination "ameetghasi100 won by checkmate"]

1. e4 g6 2. d4 Bg7 3. h4 h6 4. h5 g5 5. f4 gxf4 6. Bxf4 c5 7. c3 Qb6 8. Nf3 Nc6 9. d5 Na5 10.
b3 d6 11. Qc2 Nf6 12. Nbd2 Bg4 13. a4 Rc8 14. Bb5+ Kf8 15. Be3 a6 16. Be2 Qc7 17. Ng1 Bd7 18. Ngf3 Ng4 19. Bg1 b5 20. axb5 axb5 21.
Ra2 c4 22. b4 Nb3 23. Ra7 Qd8 24. Nh4 Be5 25. Nf5 Bxf5 26. exf5 Rg8 27. Ne4 Nf6 28. Be3 Nxd5 29. Bxh6+ Ke8 30. Qxb3 Rh8 31. Bxc4 Rxc4 32.
Nd2 Nb6 33. Nxc4 bxc4 34. Qa2 Rxh6 35. Qa5 Bxc3+ 36. Ke2 d5 37. Rb7 d4 38. Qa7 d3+ 39. Kd1 Be5 40. g4 c3 41. g5 c2+ 42. Kc1 Nc4 43.
Qa4+ Kf8 44. Rf1 Bb2# 0-1

[Event "Late-Titled-Tuesday-Blitz-October-03-2023"]
[Site "Chess.com"]
[Date "2023.10.03"]
[Round "6"]
[White "TheMagician"]
[Black "adricalderon8"]
[Result "1-0"]
[WhiteElo "2232"]
[BlackElo "2473"]
[TimeControl "180+1"]
[EndTime "15:04:21 PDT"]
[Termination "TheMagician won by checkmate"]

1. d3 b6 2. c4 Bb7 3. Nc3 e6 4. Nf3 Nf6 5. g3 d5 6. Bg2 dxc4 7. Qa4+ Qd7 8. Qxc4 Nc6 9. Bg5 Be7 10. Bxf6 Bxf6 11. O-O O-O 12. Rac1 Rac8 13. b4 Ne7 14. Ne5 Bxe5 15. Bxb7 Rb8 16. Bg2 c5 17. bxc5 Rfc8 18. Ne4 Bd4 19. c6 Nxc6 20. Nf6+ gxf6 21. Bxc6 Qd6 22.
e3 Be5 23. d4 b5 24. dxe5 fxe5 25. Qg4+ Kh8 26. Bg2 b4 27. Qg5 a5 28. Qf6+ Kg8 29. Rcd1 Qc5 30. Rd7 Qf8 31. Bf3 Rd8 32.
Ra7 Qg7 33. Qxg7+ Kxg7 34. Rxa5 Kg6 35. Rxe5 Rd2 36. Ra1 Rc8 37. Rb5 Rcc2 38. Rf1 Rb2 39. g4 h6 40. h4 f5 41. Rb6 Kf6 42. gxf5 Kxf5 43. Kg2 Rd3 44. Kg3 Rd8 45. Rc1 Rg8+ 46. Kh3 Rxf2 47. Rc5+ Kf6 48. Bg4 Re8 49. Rcc6 h5 50.
Rxe6+ Rxe6 51. Bxe6 Rf3+ 52. Kg2 Rxe3 53. Bb3+ Kf5 54. Rxb4 Re2+ 55. Kf3 Rh2 56. Rb5+ Kg6 57. Kg3 Rd2 58. Bc4 Kh6 59. Rc5 Rc2 60. a4 Rc3+ 61. Kf4 Rh3 62. Rc6+ Kg7 63. Kg5 Rg3+ 64. Kxh5 Kh8 65. a5 Ra3 66. a6 Ra5+ 67. Kg4 Ra4 68. h5 Kg7 69. h6+ Kh8 70. Kf3 Kh7 71. Bd3+ Kh8 72. Rc8# 1-0

[Event "Late-Titled-Tuesday-Blitz-October-03-2023"]
[Site "Chess.com"]
[Date "2023.10.03"]
[Round "6"]
[White "GAusal"]
[Black "Bodhanas"]
[Result "0-1"]
[WhiteElo "2270"]
[BlackElo "2152"]
[TimeControl "180+1"]
[EndTime "15:04:21 PDT"]
[Termination "Bodhanas won by resignation"]

1. d4 Nf6 2. Nf3 g6 3. c4 Bg7 4. Nc3 b6 5. g3 Bb7 6. Bg2 O-O 7. O-O d6 8. Rb1 Nbd7 9. h4 h5 10. Ng5 Bxg2 11. Kxg2 e5 12. d5 Re8 13. Nge4 Nxe4 14.
Nxe4 Nc5 15. Nxc5 bxc5 16. e4 Qd7 17. Qe2 f5 18. exf5 Qxf5 19. Bg5 e4 20. Rbe1 Rab8 21. b3 a5 22. f3 exf3+ 23. Qxf3 Qxf3+ 24. Kxf3 Be5 25. Kg2 a4 26. Rf3 axb3 27. axb3 Rf8 28. Ref1 Rxf3 29.
Rxf3 Bd4 30. Kh3 Re8 31. Bh6 Bg7 32. Bxg7 Kxg7 33. g4 Re4 34. gxh5 gxh5 35. Rg3+ Kf6 36. Rf3+ Ke5 37. Rg3 Kd4 38. Rg5 Re3+ 39. Kg2 Rxb3 40. Rxh5 Kxc4 41. Rg5 Kd4 42. h5 Rb8 43. Kg3 c4 44.
Kf3 Kd3 45. Kg4 c3 46. Rg7 Rc8 47. Kf5 c2 48. Rg1 Kd2 49. Rg2+ Kd3 50. Rg3+ Kd4 51. Rg1 Kxd5 52. Kg6 Rg8+ 53. Kf7 Rxg1 0-1

[Event "Late-Titled-Tuesday-Blitz-October-03-2023"]
[Site "Chess.com"]
[Date "2023.10.03"]
[Round "6"]
[White "Hilary46"]
[Black "Herman-NY"]
[Result "1-0"]
[WhiteElo "2639"]
[BlackElo "2511"]
[TimeControl "180+1"]
[EndTime "15:04:25 PDT"]
[Termination "Hilary46 won by resignation"]

1. e4 c5 2. Nf3 Nc6 3. Bb5 e6 4. O-O Nge7 5. c3 a6 6. Ba4 c4 7.
Bc2 Ng6 8. b3 b5 9. d4 cxd3 10.
Qxd3 Bb7 11. Rd1 Rc8 12. h3 Qc7 13. Qe2 Nb4 14. a4 Nxc2 15. Qxc2 b4 16. c4 Bc5 17.
Bb2 O-O 18. Nbd2 f5 19. exf5 Rxf5 20. Ne4 Rxf3 21. gxf3 Be7 22. Qd2 Bc6 23. Qd4 Bf8 24. Nd6 Rb8 25. c5 Qd8 26. Qg4 Qe7 27. Rac1 Nh4 28.
Rd3 a5 29. Rc4 Ng6 30. h4 Nh8 31. h5 h6 32. Rf4 Qd8 33. Kf1 Ra8 34. Ke2 Qe7 35.
Rd1 Qg5 36. Qxg5 hxg5 37. Rg4 Bxd6 38. cxd6 Nf7 39. Rdg1 Bd5 40. Rxg5 Nxg5 41. Rxg5 Bxb3 42. Rxg7+ Kf8 43. Rxd7 Bxa4 44. Bg7+ Kg8 45. Re7 Rd8 46. Be5 Bd7 47. h6 Bb5+ 48. Ke3 1-0

[Event "Late-Titled-Tuesday-Blitz-October-03-2023"]
[Site "Chess.com"]
[Date "2023.10.03"]
[Round "6"]
[White "Nekoo04"]
[Black "babero_gordo"]
[Result "0-1"]
[WhiteElo "2269"]
[BlackElo "1952"]
[TimeControl "180+1"]
[EndTime "15:04:26 PDT"]
[Termination "babero_gordo won by checkmate"]

1. e4 c5 2. Nf3 Nc6 3. b3 e6 4. Bb2 b6 5. Nc3 Bb7 6. Be2 Nf6 7. O-O d6 8. d3 Be7 9. Nd2 O-O 10. f4 Nd4 11. Nf3 Nd7 12. Nxd4 cxd4 13.
Nb5 e5 14. Bg4 Nf6 15. Bf3 a6 16. Na3 Rc8 17. Nc4 Qc7 18. Rc1 b5 19. Nd2 a5 20. g4 d5 21. g5 Nd7 22. exd5 exf4 23. d6 Bxd6 24. Bxb7 Qxb7 25. Ne4 Be5 26. Qg4 Nc5 27.
Nf6+ Bxf6 28. gxf6 g6 29. Qg5 Ne6 30. Qh6 Rfd8 31. Rxf4 Qd5 32. Rh4 Qg5+ 33. Qxg5 Nxg5 34. Kf2 Re8 35. Rxd4 Re6 36. c4 Rxf6+ 37. Kg2 Re6 38. c5 Rcc6 39. Rc2 f5 40. a3 Nf7 41. b4 axb4 42. axb4 Ne5 43. Rd8+ Kf7 44. d4 Ng4 45. Kf3 Re3+ 46. Kf4 Rce6 47. d5 R6e4+ 48. Kg5 h6+ 49. Kh4 Nf2# 0-1

[Event "Late-Titled-Tuesday-Blitz-October-03-2023"]
[Site "Chess.com"]
[Date "2023.10.03"]
[Round "6"]
[White "Doudou2015"]
[Black "DrawDenied-Twitch"]
[Result "1-0"]
[WhiteElo "2163"]
[BlackElo "2883"]
[TimeControl "180+1"]
[EndTime "15:04:27 PDT"]
[Termination "Doudou2015 won on time"]

1. b3 d5 2. Bb2 Nf6 3. e3 Bf5 4. f4 e6 5. Nf3 h6 6. Ne5 Nbd7 7. d3 Bd6 8. Be2 Bh7 9. O-O O-O 10. Bf3 c6 11.
Nd2 Qc7 12. Nxd7 Nxd7 13. Qe1 e5 14. Qg3 f6 15. Bg4 Rae8 16. Kh1 Kh8 17. Bh5 Rd8 18.
Rae1 Qa5 19. Nf3 Qxa2 20. Rb1 exf4 21. exf4 Qa5 22. Nh4 Qc7 23. Bg6 Bg8 24. Bf5 Bf7 25. Bg6 Nc5 26. b4 Na4 27. Ba1 Be6 28. Bf5 Bf7 29. Bg6 Kg8 30. Bf5 Nb6 31. Bxf6 Bh5 32.
Bxd8 Rxd8 33. Bg6 Bxg6 34. Qxg6 Qf7 35. Qg4 Nd7 36. Nf5 Qf6 37. Nxd6 Qxd6 38. Rfe1 Nf6 39. Qg6 Rd7 40. Re5 Qf8 41. Rbe1 Rf7 42. Re6 Qxb4 43.
g4 Qxf4 44. Re8+ 1-0

[Event "Late-Titled-Tuesday-Blitz-October-03-2023"]
[Site "Chess.com"]
[Date "2023.10.03"]
[Round "6"]
[White "BardArtem"]
[Black "GoltsevDmitry2000"]
[Result "1-0"]
[WhiteElo "2783"]
[BlackElo "2682"]
[TimeControl "180+1"]
[EndTime "15:04:28 PDT"]
[Termination "BardArtem won on time"]

1. e4 e6 2. d4 d5 3. Nc3 c5 4. exd5 exd5 5. dxc5 Nf6 6. Be3 Nc6 7.
Nf3 Be7 8. h3 O-O 9. Be2 Bf5 10.
O-O h6 11. a3 a6 12. b4 Re8 13. Nd4 Bg6 14. Nxc6 bxc6 15. Bd4 Nd7 16. Bd3 Nf8 17. Re1 Qd7 18. Na4 Qb7 19. Nb6 Rad8 20. Qf3 Bxd3 21. cxd3 Ne6 22. Bb2 Bf8 23. Qg4 Qb8 24. Re5 d4 25. Rae1 g6 26. Nc4 Bg7 27.
R5e2 Rf8 28. Nd6 Nxc5 29. bxc5 Qb3 30. Qf3 Rb8 31. Nc4 Qb5 32. a4 Qxc5 33. Ba3 Qg5 34. Bxf8 Rxf8 35. Qxc6 Qf5 36. Qe4 Qd7 37. Ne5 Qxa4 38. Qc6 Qb3 39. Nd7 Rd8 40. Re8+ Rxe8 41.
Rxe8+ Kh7 42. Nf8+ Bxf8 43. Rxf8 a5 44. Qf6 Qb1+ 45. Kh2 Qb8+ 46. Rxb8 1-0

[Event "Late-Titled-Tuesday-Blitz-October-03-2023"]
[Site "Chess.com"]
[Date "2023.10.03"]
[Round "6"]
[White "MathiasWomacka"]
[Black "marik_spb"]
[Result "0-1"]
[WhiteElo "2512"]
[BlackElo "2395"]
[TimeControl "180+1"]
[EndTime "15:04:28 PDT"]
[Termination "marik_spb won on time"]

1. e4 c6 2. d4 d5 3. Nd2 dxe4 4. Nxe4 Nf6 5. Nxf6+ exf6 6. Bc4 Bd6 7. Qe2+ Qe7 8. Qxe7+ Kxe7 9. Ne2 Be6 10. Bd3 h5 11.
Bf4 g5 12. Bxd6+ Kxd6 13. h4 Nd7 14. O-O-O Rag8 15. Ng3 Kc7 16. c4 a5 17. b3 f5 18.
Bxf5 gxh4 19. Bxe6 hxg3 20. Bxd7 Kxd7 21. f3 h4 22. Rh3 Re8 23. Kd2 Re6 24. Re1 Rxe1 25. Kxe1 Ke6 26. Kd2 Kf5 27. Kd3 Kf4 28. d5 cxd5 29.
cxd5 Ke5 30. Kc4 f5 31. Kc5 Kf4 32. d6 Ke5 33. d7 Rd8 34. Rxh4 Rxd7 35. Rh3 Kf4 36.
Rh4+ Ke3 37. Rh5 f4 38. Kb6 Kf2 39. Rf5 Rd4 40. Kc5 Rd2 41. Rxf4 Rxa2 42. Kb6 Rb2 43. Kxa5 Rxb3 44. Rg4 Kxg2 45. f4 Kf3 0-1

[Event "Late-Titled-Tuesday-Blitz-October-03-2023"]
[Site "Chess.com"]
[Date "2023.10.03"]
[Round "6"]
[White "RIPOL"]
[Black "azikom"]
[Result "0-1"]
[WhiteElo "2431"]
[BlackElo "2593"]
[TimeControl "180+1"]
[EndTime "15:04:29 PDT"]
[Termination "azikom won by resignation"]

1. d4 c6 2. c4 d5 3. Nc3 Nf6 4. cxd5 cxd5 5. Bf4 Nc6 6. e3 Bf5 7. Qb3 Na5 8. Qa4+ Bd7 9. Qc2 e6 10. Nf3 Rc8 11. Bd3 Be7 12. O-O O-O 13. Ne5 h6 14. Qe2 Nc6 15. a3 Nxe5 16. Bxe5 Bc6 17.
Rfc1 Bd6 18. Bxd6 Qxd6 19. b4 Qb8 20. f4 Rfd8 21. Rc2 Ne8 22. Rac1 Nd6 23. a4 Be8 24. Nb5 Bxb5 25. Bxb5 Rxc2 26. Rxc2 Rc8 27. Bd3 Rxc2 28. Qxc2 Qd8 29. Qc5 b6 30. Qc6 g5 31. f5 Kg7 32.
fxe6 fxe6 33. h3 Kf6 34. Kf2 h5 35. Ke2 h4 36. a5 bxa5 37. bxa5 Qb8 38. Qd7 Ne4 39.
Bxe4 dxe4 40. Qh7 Qb2+ 41. Kf1 Qa1+ 42. Kf2 Qxa5 43. Qh6+ Ke7 44. Qh7+ Kd6 45. Qxe4 Qf5+ 0-1

[Event "Late-Titled-Tuesday-Blitz-October-03-2023"]
[Site "Chess.com"]
[Date "2023.10.03"]
[Round "6"]
[White "Harsha_Bharathakoti"]
[Black "jk13"]
[Result "1-0"]
[WhiteElo "2921"]
[BlackElo "2674"]
[TimeControl "180+1"]
[EndTime "15:04:31 PDT"]
[Termination "Harsha_Bharathakoti won by checkmate"]

1. d4 Nf6 2. Bg5 e6 3. e4 h6 4. Bxf6 Qxf6 5. Nd2 d6 6. Ngf3 g6 7. Bd3 Bg7 8. O-O Qe7 9. c3 O-O 10. Re1 e5 11. h3 Nc6 12. Nb3 Kh8 13. Bb5 Nd8 14.
a4 Ne6 15. Bf1 Nf4 16. Kh2 Bd7 17. g3 Nh5 18. Bg2 a5 19. Nbd2 b6 20. Nc4 Rad8 21.
Ne3 Nf6 22. Qc2 Bc6 23. d5 Bd7 24. b4 Ra8 25. Nc4 axb4 26. cxb4 b5 27. axb5 Bxb5 28.
Ra5 Rxa5 29. bxa5 Ra8 30. Ra1 Nd7 31. Nfd2 Nc5 32. Bf1 f5 33. exf5 gxf5 34. Ne3 Bd7 35. Nb3 f4 36. Nxc5 dxc5 37. Nf5 Bxf5 38. Qxf5 e4 39. Re1 fxg3+ 40. fxg3 Rxa5 41. Rxe4 Qf8 42. Qg6 Ra2+ 43. Bg2 Ra8 44. Re6 Rd8 45. h4 Rd6 46. Be4 Qf2+ 47. Kh3 Qf1+ 48. Kh2 Qf2+ 49. Kh3 Qf1+ 50.
Kg4 Rxe6 51. Qh7# 1-0

[Event "Late-Titled-Tuesday-Blitz-October-03-2023"]
[Site "Chess.com"]
[Date "2023.10.03"]
[Round "6"]
[White "subham777"]
[Black "KNVB"]
[Result "1/2-1/2"]
[WhiteElo "2543"]
[BlackElo "2693"]
[TimeControl "180+1"]
[EndTime "15:04:34 PDT"]
[Termination "Game drawn by repetition"]

1. e4 e5 2. Nf3 Nc6 3. Bc4 Nf6 4.
d3 h6 5. c3 d6 6. Nbd2 g5 7. h3 d5 8. exd5 Nxd5 9. Qb3 Be6 10. Ne4 Na5 11. Qa4+ c6 12. Bxd5 Bxd5 13. b4 Nc4 14. b5 Nb6 15. Qa5 f5 16. Ng3 Qf6 17. bxc6 Bxf3 18. gxf3 bxc6 19. Be3 Nd5 20. Bd2 Bd6 21.
Qa6 Bc7 22. Nxf5 O-O 23. Ne3 Nf4 24. Ng4 Qg6 25. Qc4+ Kh8 26. Qe4 Nxd3+ 27. Ke2 Qxe4+ 28. fxe4 Nf4+ 29. Bxf4 Rxf4 30. f3 h5 31. Ne3 Rb8 32. Rab1 Rff8 33. Nf5 Kh7 34. Rhg1 Rg8 35. Ne7 Rxb1 36.
Rxb1 Re8 37. Nf5 Bb6 38. a4 Kg6 39. c4 Rd8 40. Rd1 Rxd1 41. Kxd1 Kf6 42. Kc2 Bc5 43.
Kc3 Kf7 44. Kd3 a6 45. Ng3 Kg6 46. Nf5 Kf7 47. Ke2 Kf6 48. Kf1 Bf8 49. Ke2 Bc5 50.
Kd3 Kf7 1/2-1/2

[Event "Late-Titled-Tuesday-Blitz-October-03-2023"]
[Site "Chess.com"]
[Date "2023.10.03"]
[Round "6"]
[White "Langua_Chess"]
[Black "valemava"]
[Result "0-1"]
[WhiteElo "2484"]
[BlackElo "2311"]
[TimeControl "180+1"]
[EndTime "15:04:34 PDT"]
[Termination "valemava won on time"]

1. e4 c5 2. Nf3 Qa5 3. Nc3 a6 4. d4 b5 5. dxc5 e6 6. Bd2 b4 7. Nb1 Bxc5 8. Be2 Bb7 9. e5 Ne7 10. O-O Qb6 11. Bg5 Nbc6 12. Nbd2 h6 13. Nc4 Qc7 14.
Nd6+ Kf8 15. Be3 Nd8 16. Bxc5 Qxc5 17. Rc1 Bc6 18. c3 bxc3 19. Rxc3 Qd5 20. Qc1 g5 21.
Bc4 Qa5 22. Bd3 Bxf3 23. Nc4 Qc5 24. gxf3 Qd4 25. Be4 Rc8 26. Rd1 Qa7 27. Nd6 Rxc3 28. Qxc3 Ndc6 29. Bxc6 Nxc6 30. Nc8 Qc7 31. Qa3+ Kg7 32.
Nd6 f6 33. exf6+ Kxf6 34. Ne4+ Kf7 35. Qe3 Qf4 36. Nd6+ Ke7 37. Qc3 Rb8 38. Qg7+ Kd8 39. Nf7+ Kc7 40. Nxh6 Rd8 41. Ng4 Qxf3 42. Ne5 Qxd1+ 43.
Kg2 Qd5+ 44. Nf3 Ne5 45. Qxe5+ Qxe5 46. Nxe5 d6 47. Nf7 Rb8 48. Nxg5 Rxb2 49. Nxe6+ Kc8 50.
h4 Rxa2 51. h5 Ra5 52. h6 Rh5 0-1

[Event "Late-Titled-Tuesday-Blitz-October-03-2023"]
[Site "Chess.com"]
[Date "2023.10.03"]
[Round "6"]
[White "Pomberito2"]
[Black "Good_Knight_Kiss"]
[Result "1-0"]
[WhiteElo "2476"]
[BlackElo "2418"]
[TimeControl "180+1"]
[EndTime "15:04:36 PDT"]
[Termination "Pomberito2 won on time"]

1. d4 Nf6 2. Nf3 g6 3. Bg5 Bg7 4. e3 d6 5. Bd3 h6 6. Bh4 O-O 7.
Nbd2 Nc6 8. c3 e5 9. Qe2 Qe7 10. d5 Nd8 11. e4 c6 12. c4 cxd5 13. cxd5 Qc7 14. O-O Nh5 15. Rfc1 Qb6 16. Nc4 Qb4 17.
Be7 Nf4 18. Qd1 Bg4 19. Bxd6 Qb5 20. Ncxe5 Nxd3 21. Qxd3 Qxd3 22. Nxd3 Re8 23. h3 Bxf3 24.
gxf3 Bd4 25. Rc7 f5 26. Re1 Nf7 27. Bb4 a5 28. Bc3 Bxc3 29. bxc3 fxe4 30. fxe4 Nd6 31. f3 Rac8 32. Rd7 Nb5 33. Nf4 Rf8 34. Nxg6 Rf7 35.
Rxf7 Kxf7 36. Ne5+ Kf6 37. Nd7+ Ke7 38. Ne5 Rxc3 39.
Kg2 Nd4 40. Rb1 b5 41. Nc6+ Nxc6 42. dxc6 b4 43. Rd1 Rxc6 44. Rd5 Rc2+ 45. Kg3 Rxa2 46. Rb5 Ra3 47. Kg4 b3 48. Kf5 a4 49. e5 Ra2 50.
Rb7+ Kd8 51. Ke6 Re2 52. f4 b2 53. f5 a3 54. f6 a2 55. f7 Rf2 56. Rxb2 Rxb2 57.
f8=Q+ Kc7 58. Qa3 1-0

[Event "Late-Titled-Tuesday-Blitz-October-03-2023"]
[Site "Chess.com"]
[Date "2023.10.03"]
[Round "6"]
[White "ljuks68"]
[Black "nicholas_ilic"]
[Result "1-0"]
[WhiteElo "2383"]
[BlackElo "2197"]
[TimeControl "180+1"]
[EndTime "15:04:39 PDT"]
[Termination "ljuks68 won by checkmate"]

1. e4 c5 2. Nf3 Nc6 3. d4 cxd4 4.
Nxd4 g6 5. Nc3 Bg7 6. Be3 Nf6 7. f3 O-O 8. Bc4 Qb6 9. Ncb5 a6 10. Nf5 Qd8 11. Nbd4 gxf5 12. Nxf5 e6 13. Nxg7 Kxg7 14. Qd2 Ng8 15. O-O-O Qa5 16. Qf2 f6 17. g4 Ne5 18.
Bb3 Qc7 19. Bd4 a5 20. a4 b5 21. f4 bxa4 22. Bxa4 Nc4 23. g5 Bb7 24. gxf6+ Nxf6 25. Bxf6+ Rxf6 26. Rxd7+ Qxd7 27. Bxd7 Bxe4 28. Qd4 Bxh1 29. Qxc4 Bd5 30. Qd4 Rf8 31. c4 Bf3 32. c5 Kh6 33.
Qe3 Bd5 34. c6 Bxc6 35. Bxc6 Rxf4 36. Be4 Kg7 37. Qg3+ Rg4 38. Qxg4+ Kh8 39. Qg5 Rg8 40. Qh6 Rg7 41. Qh5 Rc7+ 42. Kb1 Rd7 43. Qe5+ Kg8 44.
Bf3 Re7 45. Qg5+ Kf8 46. Bh5 Rg7 47. Qf6+ Kg8 48. Qd8# 1-0

[Event "Late-Titled-Tuesday-Blitz-October-03-2023"]
[Site "Chess.com"]
[Date "2023.10.03"]
[Round "6"]
[White "carokannlover213"]
[Black "Djager97"]
[Result "1-0"]
[WhiteElo "2724"]
[BlackElo "2547"]
[TimeControl "180+1"]
[EndTime "15:04:40 PDT"]
[Termination "carokannlover213 won by resignation"]

1. e4 e5 2. Nf3 Nc6 3. Bb5 a6 4. Ba4 Nf6 5. O-O b5 6. Bb3 Bc5 7. c3 d6 8. d4 Bb6 9. dxe5 Nxe5 10. Nxe5 dxe5 11. Qxd8+ Kxd8 12. Bxf7 Rf8 13. Bd5 Nxd5 14. exd5 Bb7 15. Be3 Bxe3 16. fxe3 Rxf1+ 17. Kxf1 Bxd5 18. Nd2 Ke7 19. e4 Be6 20. Ke2 c5 21. a4 b4 22. cxb4 cxb4 23. Rc1 Rc8 24. Rxc8 Bxc8 25. Nc4 Ke6 26. Ke3 Bd7 27. b3 g5 28. Nb2 Kd6 29. Nc4+ Ke6 30. Kd3 Bc6 31. Nd2 Kd6 32. Kc4 a5 33. Kd3 Kc5 34. Nc4 Bd7 35. Nxe5 Be6 36.
Kc2 g4 37. Kb2 h5 38. g3 Kd4 39. Nc6+ Kxe4 40. Nxa5 Kf3 41. Nc6 Kg2 42. a5 Kxh2 43. a6 Bd5 44. Nxb4 Ba8 45. Nd3 Kxg3 46. b4 h4 47. b5 h3 48. b6 h2 49. b7 h1=Q 50.
b8=Q+ Kh3 51. Nf2+ Kh4 52. Nxh1 1-0